[ AOE2 MATCH · #474908994 ]
1v1 RMBengalis vs Vikings
Player's team · LOSS
Rival team · WIN
[ REPLAY ANALYSIS · EXTRACTED FROM THE RECORDED GAME ]
Feudal
9:56
Castle
26:15
Imperial
—
| APM avg | 37.3 |
| APM peak | 98 |
| eAPM avg | 17.5 |
| Villagers / military | 106 / 75 |
Focus
⚔️ 35.0% · 🌾 65.0%
Skirmisher ×34 · Scout Cavalry ×24 · Archer ×8 · Elephant Archer ×5 · Ratha (Ranged) ×4
Feudal
9:19
Castle
21:32
Imperial
34:28
| APM avg | 23.2 |
| APM peak | 54 |
| eAPM avg | 14.7 |
| Villagers / military | 73 / 90 |
Focus
⚔️ 26.5% · 🌾 73.5%
Archer ×74 · Knight ×9 · Spearman ×5 · Monk ×2
Match map
Initial resources + every placement click. Lines = walls · curves = elevation contours. ◆ gold · ⬟ stone · ● berries · ✦ relic · ◌ wall gap
Inputs per minute
— Jooshinator - - !APM
Build order — Jooshinator
First 150 of 293 actions detected
| 0:00 | Create | Villager (Male) |
| 0:01 | Create | Villager (Male) |
| 0:01 | Create | Villager (Male) |
| 0:02 | Build | House |
| 0:04 | Build | House |
| 0:14 | Create | Villager (Male) |
| 0:14 | Create | Villager (Male) |
| 1:28 | Create | Villager (Male) |
| 1:50 | Build | Lumber Camp |
| 1:53 | Create | Villager (Male) |
| 1:54 | Create | Villager (Male) |
| 2:22 | Create | Villager (Male) |
| 2:22 | Create | Villager (Male) |
| 2:48 | Create | Villager (Male) |
| 2:48 | Create | Villager (Male) |
| 3:11 | Create | Villager (Male) |
| 3:11 | Create | Villager (Male) |
| 3:25 | Build | House |
| 3:27 | Build | House |
| 3:54 | Create | Villager (Male) |
| 3:54 | Create | Villager (Male) |
| 4:00 | Create | Villager (Male) |
| 4:00 | Create | Villager (Male) |
| 4:16 | Build | Mill |
| 4:33 | Create | Villager (Male) |
| 5:12 | Create | Villager (Male) |
| 5:12 | Create | Villager (Male) |
| 5:12 | Create | Villager (Male) |
| 5:30 | Create | Villager (Male) |
| 5:44 | Create | Villager (Male) |
| 5:44 | Create | Villager (Male) |
| 6:25 | Build | Lumber Camp |
| 6:28 | Create | Villager (Male) |
| 6:40 | Create | Villager (Male) |
| 6:40 | Create | Villager (Male) |
| 7:20 | Research | Loom |
| 7:42 | Create | Villager (Male) |
| 7:46 | Research | Feudal Age |
| 7:56 | Build | Barracks |
| 8:27 | Create | Villager (Male) |
| 8:39 | Build | House |
| 9:56 | Age | Feudal Age |
| 9:59 | Build | Stable |
| 10:05 | Build | House |
| 10:09 | Build | Palisade Wall |
| 10:11 | Build | Palisade Wall |
| 10:20 | Create | Villager (Male) |
| 10:31 | Create | Villager (Male) |
| 10:46 | Research | Double-Bit Axe |
| 10:53 | Build | Farm |
| 10:54 | Build | Farm |
| 10:58 | Build | Farm |
| 11:02 | Create | Villager (Male) |
| 11:12 | Create | Scout Cavalry |
| 11:12 | Create | Scout Cavalry |
| 11:12 | Create | Scout Cavalry |
| 11:22 | Build | Blacksmith |
| 11:24 | Build | House |
| 11:32 | Build | Farm |
| 11:34 | Create | Villager (Male) |
| 11:37 | Build | Farm |
| 11:41 | Build | Farm |
| 11:47 | Build | Farm |
| 12:18 | Create | Villager (Male) |
| 12:19 | Create | Villager (Male) |
| 12:19 | Create | Villager (Male) |
| 12:23 | Build | Farm |
| 12:26 | Build | Farm |
| 12:28 | Build | Farm |
| 12:31 | Build | Farm |
| 12:34 | Build | Farm |
| 12:43 | Create | Villager (Male) |
| 12:56 | Create | Scout Cavalry |
| 12:56 | Create | Scout Cavalry |
| 13:05 | Build | House |
| 13:11 | Build | Farm |
| 13:15 | Build | House |
| 13:16 | Build | House |
| 13:26 | Research | Scale Barding Armor |
| 13:30 | Build | Farm |
| 13:35 | Create | Villager (Male) |
| 13:45 | Build | Farm |
| 13:49 | Build | Farm |
| 13:52 | Build | House |
| 14:26 | Build | Farm |
| 14:30 | Create | Villager (Male) |
| 14:30 | Create | Villager (Male) |
| 15:19 | Create | Scout Cavalry |
| 15:21 | Build | Farm |
| 15:22 | Create | Villager (Male) |
| 15:27 | Build | Mining Camp |
| 15:36 | Create | Villager (Male) |
| 15:43 | Create | Scout Cavalry |
| 16:32 | Create | Villager (Male) |
| 16:33 | Create | Scout Cavalry |
| 16:45 | Create | Villager (Male) |
| 16:51 | Research | Fletching |
| 16:57 | Build | Archery Range |
| 16:59 | Build | Archery Range |
| 17:01 | Build | Palisade Wall |
| 17:17 | Build | House |
| 17:19 | Build | Market |
| 17:29 | Create | Scout Cavalry |
| 17:31 | Create | Villager (Male) |
| 17:34 | Research | Gold Mining |
| 17:44 | Build | House |
| 17:52 | Create | Villager (Male) |
| 18:02 | Build | House |
| 18:03 | Build | House |
| 18:06 | Build | Palisade Wall |
| 18:12 | Build | House |
| 18:13 | Create | Villager (Male) |
| 18:21 | Create | Scout Cavalry |
| 18:26 | Create | Archer |
| 18:26 | Create | Archer |
| 18:32 | Create | Archer |
| 18:32 | Create | Archer |
| 18:39 | Build | Stable |
| 18:46 | Build | Building 804 |
| 18:51 | Build | Palisade Wall |
| 19:04 | Create | Archer |
| 19:08 | Create | Villager (Male) |
| 19:08 | Create | Villager (Male) |
| 19:09 | Create | Villager (Male) |
| 19:30 | Build | House |
| 19:54 | Create | Archer |
| 19:54 | Create | Archer |
| 19:54 | Create | Archer |
| 19:55 | Create | Villager (Male) |
| 19:55 | Create | Villager (Male) |
| 20:14 | Build | Mining Camp |
| 20:22 | Create | Scout Cavalry |
| 20:23 | Create | Scout Cavalry |
| 20:23 | Create | Scout Cavalry |
| 20:24 | Create | Scout Cavalry |
| 20:25 | Create | Villager (Male) |
| 20:25 | Create | Villager (Male) |
| 20:56 | Build | Farm |
| 20:58 | Build | Farm |
| 21:07 | Build | House |
| 21:28 | Create | Scout Cavalry |
| 21:28 | Create | Scout Cavalry |
| 21:30 | Research | Bloodlines |
| 21:42 | Create | Villager (Male) |
| 22:00 | Research | Padded Archer Armor |
| 22:08 | Build | Mining Camp |
| 22:15 | Build | Lumber Camp |
| 23:35 | Research | Castle Age |
| 23:54 | Create | Scout Cavalry |
| 23:55 | Create | Scout Cavalry |
Build order — !APM
First 150 of 234 actions detected
| 0:01 | Create | Villager (Male) ×4 |
| 0:03 | Build | House |
| 0:06 | Build | House |
| 1:28 | Create | Villager (Male) |
| 2:08 | Create | Villager (Male) |
| 2:30 | Create | Villager (Male) |
| 2:31 | Create | Villager (Male) |
| 3:04 | Build | House |
| 3:13 | Build | Lumber Camp |
| 3:19 | Create | Villager (Male) |
| 3:20 | Create | Villager (Male) |
| 3:20 | Create | Villager (Male) |
| 3:58 | Create | Villager (Male) |
| 3:58 | Create | Villager (Male) |
| 5:02 | Build | House |
| 5:06 | Create | Villager (Male) |
| 5:31 | Create | Villager (Male) |
| 5:58 | Create | Villager (Male) |
| 6:05 | Build | Mill |
| 6:20 | Create | Villager (Male) |
| 6:40 | Research | Loom |
| 7:08 | Research | Feudal Age |
| 8:02 | Create | Villager (Male) |
| 8:02 | Create | Villager (Male) |
| 8:10 | Build | Barracks |
| 8:13 | Build | House |
| 8:15 | Build | House |
| 8:17 | Build | House |
| 8:27 | Build | Palisade Wall |
| 8:43 | Create | Villager (Male) |
| 9:19 | Age | Feudal Age |
| 9:25 | Create | Spearman |
| 9:28 | Create | Villager (Male) |
| 9:47 | Build | Farm |
| 9:48 | Build | Farm |
| 9:53 | Build | House |
| 9:58 | Research | Double-Bit Axe |
| 10:01 | Create | Villager (Male) |
| 10:19 | Build | Lumber Camp |
| 10:29 | Create | Villager (Male) |
| 10:35 | Build | House |
| 10:52 | Create | Villager (Male) |
| 11:02 | Build | House |
| 11:19 | Build | Farm |
| 11:23 | Create | Spearman |
| 11:42 | Build | Farm |
| 11:49 | Build | House |
| 11:51 | Build | House |
| 11:53 | Create | Villager (Male) |
| 12:03 | Build | Farm |
| 12:28 | Create | Villager (Male) |
| 12:28 | Create | Villager (Male) |
| 12:34 | Build | Archery Range |
| 12:47 | Build | House |
| 13:05 | Build | Mining Camp |
| 13:11 | Create | Villager (Male) |
| 13:20 | Build | Farm |
| 13:25 | Build | House |
| 13:31 | Build | Palisade Gate |
| 13:43 | Build | Palisade Wall |
| 13:57 | Create | Villager (Male) |
| 14:22 | Create | Villager (Male) |
| 14:32 | Create | Archer |
| 14:40 | Build | Farm |
| 14:52 | Create | Villager (Male) |
| 15:00 | Build | Farm |
| 15:06 | Build | Farm |
| 15:18 | Create | Archer |
| 15:20 | Create | Villager (Male) |
| 15:44 | Build | Farm |
| 15:53 | Build | Farm |
| 16:20 | Build | Lumber Camp |
| 16:45 | Create | Villager (Male) |
| 16:45 | Create | Villager (Male) |
| 16:45 | Create | Villager (Male) |
| 16:52 | Build | Market |
| 17:02 | Create | Archer |
| 17:02 | Create | Archer |
| 17:12 | Build | Farm |
| 17:14 | Build | Farm |
| 17:15 | Research | Horse Collar |
| 17:21 | Build | Farm |
| 17:22 | Build | Farm |
| 17:22 | Build | Farm |
| 17:28 | Build | Farm |
| 17:33 | Build | Lumber Camp |
| 17:53 | Build | Farm |
| 17:59 | Build | Farm |
| 18:02 | Create | Villager (Male) |
| 18:04 | Create | Villager (Male) |
| 18:07 | Build | Blacksmith |
| 18:11 | Build | House |
| 18:15 | Build | House |
| 18:40 | Research | Castle Age |
| 18:48 | Build | Archery Range |
| 19:01 | Build | Stable |
| 19:24 | Research | Fletching |
| 20:02 | Research | Padded Archer Armor |
| 20:04 | Create | Archer |
| 20:16 | Build | Mining Camp |
| 20:31 | Create | Archer |
| 20:38 | Create | Archer |
| 20:38 | Create | Archer |
| 20:38 | Create | Archer |
| 20:59 | Research | Gold Mining |
| 21:32 | Age | Castle Age |
| 21:45 | Build | Town Center |
| 21:52 | Create | Archer |
| 21:53 | Create | Archer |
| 22:04 | Research | Bodkin Arrow |
| 22:16 | Create | Archer |
| 22:16 | Create | Archer |
| 22:38 | Create | Archer |
| 22:40 | Create | Villager (Male) |
| 22:41 | Create | Villager (Male) |
| 22:55 | Create | Villager (Male) |
| 22:56 | Create | Villager (Male) |
| 23:10 | Create | Spearman |
| 23:11 | Create | Spearman |
| 23:23 | Create | Archer |
| 23:23 | Create | Archer |
| 23:33 | Create | Archer |
| 23:45 | Build | House |
| 23:49 | Create | Archer |
| 23:49 | Create | Archer |
| 23:58 | Create | Spearman |
| 24:04 | Research | Crossbowman (upgrade) |
| 24:05 | Create | Archer |
| 24:05 | Create | Archer |
| 24:13 | Create | Villager (Male) |
| 24:13 | Create | Villager (Male) |
| 24:18 | Create | Villager (Male) |
| 24:18 | Create | Villager (Male) |
| 24:23 | Create | Archer |
| 24:23 | Create | Archer |
| 24:38 | Create | Archer |
| 25:25 | Create | Villager (Male) |
| 25:25 | Create | Villager (Male) |
| 25:43 | Create | Villager (Male) |
| 25:43 | Create | Villager (Male) |
| 26:16 | Build | Farm |
| 26:26 | Build | Farm |
| 26:29 | Research | Leather Archer Armor |
| 26:31 | Create | Archer |
| 26:32 | Create | Archer |
| 26:40 | Create | Villager (Male) |
| 26:43 | Create | Villager (Male) |
| 26:46 | Create | Villager (Male) |
| 26:46 | Create | Villager (Male) |
| 27:00 | Create | Archer |
Match timeline
| 7:56 | Jooshinator · first_building Barracks |
| 8:10 | !APM · first_building Barracks |
| 8:27 | !APM · wall_segment Palisade Wall x13 |
| 9:19 | !APM · age_up feudal |
| 9:56 | Jooshinator · age_up feudal |
| 9:59 | Jooshinator · first_building Stable |
| 10:09 | Jooshinator · wall_segment Palisade Wall x1 |
| 10:11 | Jooshinator · wall_segment Palisade Wall x2 |
| 12:34 | !APM · first_building Archery Range |
| 13:43 | !APM · wall_segment Palisade Wall x1 |
| 16:57 | Jooshinator · first_building Archery Range |
| 17:01 | Jooshinator · wall_segment Palisade Wall x1 |
| 18:06 | Jooshinator · wall_segment Palisade Wall x1 |
| 18:51 | Jooshinator · wall_segment Palisade Wall x2 |
| 19:01 | !APM · first_building Stable |
| 20:34 | !APM · first_market_sell 100 wood |
| 20:53 | Jooshinator · first_market_sell 100 food |
| 20:55 | Jooshinator · first_market_buy 100 wood |
| 21:32 | !APM · age_up castle |
| 26:15 | Jooshinator · age_up castle |
| 27:13 | !APM · first_market_buy 100 wood |
| 30:15 | !APM · first_building Monastery |
| 33:28 | Jooshinator · first_building Castle |
| 34:28 | !APM · age_up imperial |
| 35:04 | !APM · first_building Castle |
| 35:45 | Jooshinator · first_building Monastery |
| 36:49 | Jooshinator · resign |
[ AI ANALYSIS · 1 CREDIT ]
What really happened in this match?
Wolo.gg analyzes every decision: build order, eco, micro, common mistakes by bracket. Personalized analysis on WhatsApp or Discord in 30 seconds.
Civ guide
Bengalis
Map guide
Arabia
Perfil
Jugador #1313983